 Dungeon Crawl Stone Soup version 0.13-a0-1614-gd69a504 (webtiles) character file.

131 Root the Ruffian (level 2, 20/23 HPs)
             Began as a Lava Orc Transmuter on June 15, 2013.
             Quit the game on Level 1 of the Dungeon.
             The game lasted 00:03:08 (979 turns).

Root the Ruffian (Lava Orc Transmuter)               Turns: 979, Time: 00:03:08

HP  20/23        AC  4     Str 12      XL: 2   Next: 72%
MP   2/2         EV 12     Int 13      God:
Gold 108         SH  0     Dex 11      Spells:  1 memorised,  3 levels left

Res.Fire  : + . .   See Invis. : .     - Unarmed
Res.Cold  : . . .   Warding    : .   c - +0 orc robe
Life Prot.: . . .   Conserve   : .   (no shield)
Res.Poison: .       Res.Corr.  : .   (no helmet)
Res.Elec. : .       Clarity    : .   (no cloak)
Sust.Abil.: . .     Spirit.Shd : .   (no gloves)
Res.Mut.  : .       Stasis     : .   (no boots)
Res.Rott. : .       Flight     : .   (no amulet)
Saprovore : + . .                    (no ring)
                                     (no ring)

@: slow, not resistant to hostile enchantments, unstealthy
A: conserve scrolls, saprovore 1
a: no special abilities


You were on level 1 of the Dungeon.
You were not hungry.

You visited 1 branch of the dungeon, and saw 1 of its levels.

You collected 88 gold pieces.

Inventory:

Missiles
 b - 31 arrows
Armour
 c - a +0 orcish robe (worn)
Comestibles
 a - a meat ration
 g - a bread ration
 k - a pear
Scrolls
 f - 3 scrolls of remove curse {unknown}
 h - a scroll of identify {unknown}
 i - a scroll of curse weapon {unknown}
Potions
 e - 3 potions of curing {unknown}
 l - a potion of heal wounds {unknown}
Books
 d - a book of Changes

   Spells                             Type                      Level
   *Beastly Appendage                 Transmutation                1
   Sticks to Snakes                   Transmutation                2
   Spider Form                        Transmutation/Poison         3
   Ice Form                           Ice/Transmutation            4
   Blade Hands                        Transmutation                5


   Skills:
 - Level 1.2 Fighting
 - Level 1.5 Dodging
 + Level 4.4 Unarmed Combat
 - Level 1.5 Spellcasting
 - Level 2.6 Transmutations


You had 3 spell levels left.
You knew the following spells:

 Your Spells              Type           Power        Failure   Level  Hunger
a - Beastly Appendage     Trmt           #.....       10%         1    ##.....


Dungeon Overview and Level Annotations

Branches:
Dungeon (1/27)

Altars:
the Shining One


Innate Abilities, Weirdness & Mutations

You have stony skin.
You cover ground slowly.
Your flesh is heat resistant.
Your flesh is vulnerable to cold.
Your heat harms attackers.
You bathe your surroundings in blazing heat.
You are too hot to use scrolls.
You are very good at protecting items from fire.
You can tolerate rotten meat.


Message History

A bat comes into view.
The bat is too close now for your liking.
No target in view!
No target in view!
No target in view!
The bat hits you but does no damage.
You miss the bat. The bat barely misses you.
The bat hits you but does no damage.
No target in view!
No target in view!
No target in view!
The bat hits you but does no damage.
The bat is too close now for your liking.
You barely miss the bat. The bat hits you but does no damage.
The bat completely misses you.
You closely miss the bat. The bat hits you.
A goblin comes into view. It is wielding an orcish club.
The goblin shouts!
The bat barely misses you.
Are you sure you want to abandon this character and quit the game? (Confirm with "yes".)

#.....###.#...# ## #..^..#
#.#...# .# #.....# #.#...#
.###########)....###.#...#
..%......................#
.###########.............# .#
####### #.............###### .#
#.....####.........#.......# .#
#..⌠.....##.#@.....#.......#
.###.........#.b..............#
#.#......#....................#
#.....<..###.............>..>.#
...#..<..# ##.................#
#.....<..###g.................#
#.#......#....##.####.#.......#
####.........###.# #.#.#.#####
####..⌠.....####.####.#.#.#


You could see a goblin and a bat.

Vanquished Creatures
  A giant gecko (D:1)
  3 giant cockroaches (D:1)
  A goblin (D:1)
  3 hobgoblins (D:1)
  7 bats (D:1)
  4 kobolds (D:1)
  A rat (D:1)
20 creatures vanquished.

Notes
Turn   | Place    | Note
--------------------------------------------------------------
     0 | D:1      | Root, the Lava Orc Transmuter, began the quest for the Orb.
     0 | D:1      | Reached XP level 1. HP: 16/16 MP: 1/1
   318 | D:1      | Reached skill level 4 in Unarmed Combat
   318 | D:1      | Reached XP level 2. HP: 21/23 MP: 2/2
   331 | D:1      | Found a glowing golden altar of the Shining One.
   979 | D:1      | Quit the game

Action                   || total
-------------------------++-------
Melee: Unarmed           ||    92
